AoeStats
← GratedSalt76014

Arabia

507289466Analyzed
1v1 RM · 14d ago on Sep 17, 2026· 50m 42s· 2 players
Game mode
Random Map
Map size
Tiny (2 player)
Population
200
Speed
Normal
Resources
Standard
Victory
Conquest
Starting age
Dark Age
Ending age
Imperial Age
RankedLock teamsTeams togetherTeam positionsShared explorationLock speedFull tech treeHidden civsTurbo modeCheats
Victory
Defeat
🇹🇷 Franks · Türkiye
744
+16
🇵🇰 Tatars · Pakistan
734
-16
BadaBujja
12:57 Feudal Age
13:34 Double-Bit Axe
15:01 Horse Collar
22:07 Castle Age
21:29 Wheelbarrow
21:34 Padded Archer Armor
22:15 Fletching
29:44 Hand Cart
29:40 Heavy Plow
29:50 Gold Mining
30:41 Leather Archer Armor
31:44 Bow Saw
35:21 Imperial Age
33:21 Ballistics
34:25 Bodkin Arrow
38:49 Chemistry
40:32 Husbandry
40:47 Scale Barding Armor
41:45 Conscription
42:00 Bloodlines
48:49 Pikeman
GratedSalt76014
2:35 Loom
9:49 Feudal Age
10:27 Double-Bit Axe
22:01 Castle Age
20:44 Gold Mining
21:32 Wheelbarrow
22:33 Fletching
22:43 Padded Archer Armor
22:09 Crossbowman
24:34 Bow Saw
26:47 Bodkin Arrow
27:08 Leather Archer Armor
27:36 Elite Skirmisher
38:06 Imperial Age
39:06 Forging
39:02 Scale Barding Armor
38:58 Scale Mail Armor
38:26 Pikeman
39:10 Cavalier
40:17 Halberdier
42:38 Hand Cart
42:09 Town Watch
43:04 Iron Casting
42:45 Chain Mail Armor
42:51 Chain Barding Armor
43:39 Chemistry
45:10 Husbandry
46:55 Squires
Connection lost

Rejoining the realm…

Still unreachable

The connection could not be restored.

Session expired

The server has moved on; the page needs a fresh start.